 Dungeon Crawl Stone Soup version 0.28.0 (webtiles) character file.

Game seed: 3301894817918263694

3392 Morbidden the Chopper (level 9, -1/68 HPs)
             Began as a Demonspawn Fighter on Feb 15, 2022.
             Was a Believer of Cheibriados.
             Slain by a shadow (22 damage)
             ... on level 8 of the Dungeon.
             The game lasted 00:13:28 (8361 turns).

Morbidden the Chopper (Demonspawn Fighter)          Turns: 8361, Time: 00:13:30

Health: -1/68      AC: 10    Str: 26    XL:     9   Next: 75%
Magic:  13/13      EV:  9    Int: 16    God:    Cheibriados [**....]
Gold:   372        SH: 14    Dex: 19    Spells: 7/13 levels left

rFire   . . .      SeeInvis .   a - +0 war axe
rCold   . . .      Faith    .   E - +0 kite shield
rNeg    . . .      Spirit   .   x - +0 chain mail
rPois   .          Reflect  .   F - +0 helmet
rElec   .          Harm     .   f - scarf {repulsion}
rCorr   +          Rampage  .   (no gloves)
Will    .....                   (no boots)
Stlth   ..........              (no amulet)
HPRegen 0.21/turn               i - ring of resist corrosion
MPRegen 0.13/turn               (no ring)

@: about to teleport, corroded, flying, repel missiles, very slow
A: icemail 1, spiny 2, condensation shield, weakness stinger 1
a: Renounce Religion, Bend Time


You were on level 8 of the Dungeon.
You worshipped Cheibriados.
Cheibriados was pleased with you.
You visited 2 branches of the dungeon, and saw 9 of its levels.
You also visited: Sewer.

You collected 372 gold pieces.

Inventory:

Hand Weapons
 a - a +0 war axe (weapon)
 C - a +2 dagger of venom
Missiles
 b - a boomerang (quivered)
 w - 5 curare-tipped darts
Armour
 f - a scarf of repulsion (worn)
 x - a +0 chain mail (worn)
 E - a +0 kite shield (worn)
 F - a +0 helmet (worn)
Jewellery
 i - a ring of resist corrosion (left hand)
Wands
 n - a wand of digging (8)
 u - a wand of iceblast (12)
 D - a wand of polymorph (9)
Scrolls
 c - 3 scrolls of identify
 e - a scroll of brand weapon {unknown}
 g - a scroll of holy word {unknown}
 h - 3 scrolls of blinking {unknown}
 j - 4 scrolls of teleportation
 l - 4 scrolls of immolation
 m - 2 scrolls of enchant weapon {unknown}
 o - 2 scrolls of amnesia {unknown}
 p - 3 scrolls of fog
 r - 2 scrolls of torment
 s - 3 scrolls of magic mapping {unknown}
 y - 3 scrolls of vulnerability {unknown}
 A - a scroll of noise {unknown}
Potions
 d - 2 potions of might
 k - 3 potions of curing
 q - a potion of haste
 t - 3 potions of lignification
 z - a potion of berserk rage {unknown}
 B - a potion of heal wounds {unknown}


   Skills:
 * Level 5.6 Fighting
 * Level 7.7 Axes
 + Level 0.9 Throwing
 + Level 4.3 Armour
 * Level 4.1 Dodging
 + Level 0.2 Stealth
 + Level 3.9 Shields
 * Level 2.9 Spellcasting
 * Level 3.3 Conjurations
 * Level 2.7 Fire Magic
 * Level 4.9 Invocations


You had 7 spell levels left.
You knew the following spells:

 Your Spells              Type           Power      Damage    Failure   Level
a - Foxfire               Conj/Fire      48%        2x1d6     69%         1
b - Fireball              Conj/Fire      6%         3d5       100%        5

Your spell library contained the following spells:

 Spells                   Type           Power      Damage    Failure   Level
 Static Discharge         Conj/Air       7%         N/A       95%         2
 Conjure Flame            Conj/Fire      12%        6-21      96%         3
 Inner Flame              Hex/Fire       6%         N/A       99%         3
 Confusing Touch          Hex            2%         N/A       100%        3
 Ignite Poison            Fire/Tmut/Pois 5%         N/A       100%        3
 Mephitic Cloud           Conj/Pois/Air  5%         N/A       100%        3
 Dispel Undead            Necr           2%         3d7       100%        4
 Flame Wave               Conj/Fire      12%        2d6       100%        4
 Sticky Flame             Conj/Fire      12%        2d4       100%        4
 Freezing Cloud           Conj/Ice/Air   2%         6-21      100%        5
 Iskenderun's Battlesphe  Conj           13%        2d7       100%        5
 Yara's Violent Unravell  Hex/Tmut       1%         3d3       100%        5
 Conjure Ball Lightning   Conj/Air       3%         3x3d6     100%        6
 Enfeeble                 Hex            1%         N/A       100%        7
 Orb of Destruction       Conj           6%         9d6       100%        7


Dungeon Overview and Level Annotations

Branches:
Dungeon (8/15)             Temple (1/1) D:6           Sewer (visited)
   Lair: D:8-11

Altars:
Ashenzari
Cheibriados
Elyvilon
Fedhas
Gozag
Hepliaklqana
Kikubaaqudgha
Makhleb
Ru
Trog
Uskayaw
Vehumet
Wu Jian
Xom
Zin


Innate Abilities, Weirdness & Mutations

A meltable icy envelope protects you from harm. (AC +4)
You are mostly covered in sharp spines.
A meltable shield of frost defends you. (SH +4)
You have a small tail.


Message History

You hit the acid dragon.
You kill the acid dragon!
Cheibriados appreciates the change of pace.
You closely miss something.
The shadow strikes at you from the darkness!
Reactivating autopickup.
You block the shadow's attack.
The shadow slips into darkness.
The shadow flickers and vanishes!
Deactivating autopickup; reactivate with Ctrl-A.
The shadow strikes at you from the darkness!
Reactivating autopickup.
Unknown command.
Unknown command.
Unknown command.
You closely miss the shadow.
The shadow is lightly damaged.
The shadow hits you.
* * * LOW HITPOINT WARNING * * *
Unknown command.
You barely miss the shadow.
Your tail-slap misses the shadow.
The shadow is lightly damaged.
The shadow slips into darkness.
The shadow flickers and vanishes!
Deactivating autopickup; reactivate with Ctrl-A.
The shadow strikes at you from the darkness!
Reactivating autopickup.
It was a potion of flight.
You feel very buoyant.
You fly up into the air.
The shadow slips into darkness.
The shadow flickers and vanishes!
Deactivating autopickup; reactivate with Ctrl-A.
Unknown command.
Unknown command.
Okay, then.
As you read the scroll of teleportation, it crumbles to dust.
You feel strangely unstable.
The shadow strikes at you from the darkness!
You die...

...#....#................#..#....
...#....#................####....
...#....##########'#####.........
...#.....#.........#...#.........
...#.....#.........#...'.........
#+##....##.........#...#.........
###### .........#...#.........
.#.#####..##..#.........
.......@{..#########....
.####.####.# #.... .. .# #....
#.. .+ +.... #. .# #...> .. .#
#.... . #.... #.... #....


There were no monsters in sight!

Vanquished Creatures
  Harold (D:7)
  Sigmund (D:5)
  An acid dragon (D:8)
  2 water moccasins
  2 sky beasts (D:6)
  3 black bears
  An ogre (D:5)
  2 centaurs (D:7)
  2 phantoms
  7 bullfrogs
  A gnoll sergeant (D:7)
  2 scorpions
  A howler monkey (D:4)
  A centaur zombie (D:7)
  3 hounds
  3 centaur skeletons
  An orc priest (D:3)
  3 iguanas (D:5)
  A hell rat (Sewer)
  3 orc wizards
  A killer bee zombie (D:5)
  2 hound skeletons
  A howler monkey zombie (D:6)
  11 gnolls
  6 adders
  3 river rats
  4 shadow imps
  2 white imps
  An ufetubus (D:5)
  An adder skeleton (D:4)
  2 worms
  2 dart slugs
  19 orcs
  2 bats
  5 endoplasms
  2 giant cockroaches
  11 goblins
  6 hobgoblins
  2 quokkas
  10 ball pythons
  2 frilled lizards (D:1)
  6 kobolds
  12 rats
154 creatures vanquished.

Vanquished Creatures (others)
  16 plants (D:2)
16 creatures vanquished.

Grand Total: 170 creatures vanquished

Notes
Turn   | Place    | Note
-------+----------+-------------------------------------------
     0 | D:1      | Morbidden the Demonspawn Fighter began the quest for the
                  | Orb.
     0 | D:1      | Reached XP level 1. HP: 18/18 MP: 1/1
   416 | D:1      | Gained mutation: A meltable shield of frost defends you.
                  | (SH +4) [demonic ancestry]
   416 | D:1      | Reached XP level 2. HP: 23/24 MP: 2/2
   442 | D:1      | Reached skill level 2 in Axes
   648 | D:1      | Found a faded altar of an unknown god.
  1337 | D:2      | Reached XP level 3. HP: 28/29 MP: 3/3
  1704 | D:2      | Found a bloodstained altar of Trog.
  1888 | D:3      | Reached skill level 1 in Dodging
  1992 | D:3      | Reached skill level 3 in Axes
  2022 | D:3      | Gained mutation: You are partially covered in sharp spines.
                  | [demonic ancestry]
  2022 | D:3      | Reached XP level 4. HP: 14/35 MP: 4/4
  2109 | D:3      | Found a glowing drain.
  2161 | Sewer    | Entered a sewer
  2411 | Sewer    | Gained mutation: A meltable icy envelope protects you from
                  | harm. (AC +4) [demonic ancestry]
  2411 | Sewer    | Reached XP level 5. HP: 41/41 MP: 5/5
  2804 | D:4      | Reached skill level 4 in Axes
  2953 | D:4      | Reached XP level 6. HP: 47/48 MP: 6/6
  2977 | D:4      | Learned a level 5 spell: Fireball
  3149 | D:4      | Found a hazy altar of Hepliaklqana.
  3463 | D:5      | Entered Level 5 of the Dungeon
  3490 | D:5      | You fall into a shaft and drop 1 floor!
  3505 | D:6      | Identified the +7 falchion "Muleez" {protect, Str-5 Int+4}
  3526 | D:6      | Found a staircase to the Ecumenical Temple.
  3535 | Temple   | Entered the Ecumenical Temple
  3548 | Temple   | Became a worshipper of Cheibriados the Contemplative
  3616 | D:6      | Noticed a sky beast
  3630 | D:6      | Killed a sky beast
  3915 | D:6      | Reached skill level 5 in Axes
  4140 | D:5      | Reached skill level 1 in Invocations
  4140 | D:5      | Reached XP level 7. HP: 53/54 MP: 7/7
  4196 | D:5      | Noticed Sigmund
  4200 | D:5      | Killed Sigmund
  4201 | D:5      | Reached skill level 1 in Conjurations
  4218 | D:5      | Reached skill level 1 in Spellcasting
  4218 | D:5      | Reached skill level 1 in Fire Magic
  4679 | D:5      | Found an ornate altar of the Wu Jian Council.
  4692 | D:5      | Reached * piety under Cheibriados
  4790 | D:5      | Gained mutation: You are mostly covered in sharp spines.
                  | [demonic ancestry]
  4790 | D:5      | Reached XP level 8. HP: 54/61 MP: 10/10
  4921 | D:5      | Reached skill level 6 in Axes
  5642 | D:6      | Reached skill level 7 in Axes
  5642 | D:6      | Reached ** piety under Cheibriados
  5807 | D:6      | Found a radiant altar of Vehumet.
  5807 | D:6      | Found an opulent altar of Gozag.
  6002 | D:7      | Noticed Harold
  6169 | D:7      | Reached skill level 5 in Fighting
  6169 | D:7      | Gained mutation: You have a small tail. [demonic ancestry]
  6169 | D:7      | Reached XP level 9. HP: 61/68 MP: 12/12
  6341 | D:7      | Killed Harold
  6345 | D:7      | Noticed a +0 short sword
  6345 | D:7      | Noticed a +0 dagger
  6345 | D:7      | Noticed a +0 falchion
  6350 | D:7      | Noticed a +0 spear
  6350 | D:7      | Noticed a +0 short sword
  6350 | D:7      | Noticed a +0 falchion
  6433 | D:7      | Noticed a +0 dagger
  6433 | D:7      | Noticed a +0 spear
  6434 | D:7      | Found a hide-covered altar of Uskayaw.
  7718 | D:8      | Found a sacrificial altar of Ru.
  8175 | D:8      | Learned a level 1 spell: Foxfire
  8361 | D:8      | Slain by a shadow

Illustrated notes

Levels and vault maps discovered:
D:1:      evilmike_arrival_plus, layout_basic,
          shapermc_ecumenical_altar_pompeii, hangedman_decor_diamond_cutter,
          serial_bayou_pond_d
D:2:      layout_basic, basic_altar, serial_bayou_lake_a
D:3:      layout_basic, portal_sewer_entry_b, kennysheep_generic_room_8
D:4:      layout_gridville, kennysheep_mini_moat, zin_treasury,
          nicolae_concentric_dashed_squares_wild, kennysheep_pointless_box
D:5:      layout_gridville, nzn_wu_jian_contemplation, minmay_quadrilaterals,
          uniq_sigmund
D:6:      layout_loops_corners, elyvilon_altar_4,
          mainiacjoe_overflow_divided_tiny, lemuel_temple_firewalk_a
D:7:      layout_cave_pools, nicolae_uskayaw_en_pointe, centaur_isle,
          uniq_harold
D:8:      layout_gridville, mainiacjoe_overflow_catwalk, old_standard_altar,
          lair_entry_dummy, sigmund_army
Temple:   pdpol_scorched_temple

Skill      XL: |  1  2  3  4  5  6  7  8  9 |
---------------+----------------------------+-----
Axes           | 2 3 4 5 7 |  7.7
Dodging        | 1 2 3 4 |  4.1
Armour         | 3 4 |  4.3
Shields        | 3 |  3.9
Fighting       | 4 5 |  5.6
Invocations    | 1 2 3 4 |  4.9
Conjurations   | 1 2 3 |  3.3
Spellcasting   | 1 2 |  2.9
Fire Magic     | 1 2 |  2.7
Throwing       | |  0.9
Stealth        | |  0.2

Action                   |  1- 3 |  4- 6 |  7- 9 || total
-------------------------+-------+-------+-------++-------
Melee: War axe           |   152 |   115 |   164 ||   431
       Tailslap          |       |       |    11 ||    11
Throw: Boomerang         |       |     2 |    23 ||    25
       Dart              |       |       |     5 ||     5
Evoke: Wand              |       |       |     4 ||     4
  Use: Potion            |       |     1 |     1 ||     2
       Scroll            |       |       |     6 ||     6
Armor: Scale mail        |    65 |    38 |       ||   103
       Chain mail        |       |    16 |   119 ||   135
Dodge: Dodged            |    59 |    32 |   109 ||   200
       Repelled          |       |       |     1 ||     1
Block: Buckler           |    54 |    46 |    93 ||   193
       Kite shield       |       |       |    78 ||    78
